 Dungeon Crawl Stone Soup version 0.29.1-1-gd02db6906a (webtiles) character file.

Game seed: 1577672069296850660

185 Earthwalker the Ducker (level 5, -5/53 HPs)
             Began as a Troll Fighter on Oct 4, 2022.
             Killed by nerve-wracking pain
             ... invoked by an orc priest
              (12 damage)
             ... on level 3 of the Dungeon.
             The game lasted 00:12:18 (2525 turns).

Earthwalker the Ducker (Troll Fighter)              Turns: 2525, Time: 00:12:18

Health: -5/53      AC:  4    Str: 24    XL:     5   Next: 37%
Magic:  4/4        EV:  9    Int: 10    God:
Gold:   205        SH:  8    Dex: 11    Spells: 4/4 levels left

rFire   . . .      SeeInvis .   a - +0 long sword
rCold   . . .      Faith    .   c - +0 kite shield
rNeg    . . .      Spirit   .   b - +0 robe
rPois   .          Reflect  .   (helmet restricted)
rElec   .          Harm     .   (no cloak)
rCorr   .          Rampage  .   (gloves unavailable)
Will    .....                   (boots unavailable)
Stlth   +.........              (no amulet)
HPRegen 0.97/turn               p - +6 ring of intelligence
MPRegen 0.09/turn               (no ring)

@: mighty
A: large, unfitting armour, claws 3, regeneration 1, shaggy fur 1, tough skin 1
a: no special abilities


You were on level 3 of the Dungeon.
You visited 1 branch of the dungeon, and saw 3 of its levels.

You collected 205 gold pieces.

Inventory:

Hand Weapons
 a - a +0 long sword (weapon)
Armour
 b - a +0 robe (worn)
 c - a +0 kite shield (worn)
Magical Staves
 t - a staff of poison
Jewellery
 p - a +6 ring of intelligence (left claw)
Scrolls
 e - a scroll of magic mapping
 f - a scroll of immolation
 g - a scroll of fear
 h - a scroll of torment {unknown}
 i - 2 scrolls of poison {unknown}
 k - 2 scrolls of amnesia {unknown}
 m - 3 scrolls of teleportation {unknown}
 n - 2 scrolls of butterflies {unknown}
 r - a scroll of blinking {unknown}
 u - a scroll of identify
Potions
 j - a potion of resistance {unknown}
 l - a potion of heal wounds {unknown}
 o - 2 potions of mutation {unknown}
 q - 2 potions of berserk rage {unknown}
 s - a potion of lignification {unknown}
 v - a potion of haste {unknown}


   Skills:
 + Level 3.1 Fighting
 + Level 3.0 Long Blades
 + Level 3.3 Dodging
 + Level 0.1 Stealth
 + Level 3.2 Shields


You had 4 spell levels left.
You didn't know any spells.
Your spell library contained the following spells:

 Spells                   Type           Power      Damage    Failure   Level
 Slow                     Hex            0%         N/A       65%         1
 Confusing Touch          Hex            0%         N/A       95%         3
 Vampiric Draining        Necr           0%         2d6       95%         3


Dungeon Overview and Level Annotations

Branches:
Dungeon (3/15)

Altars:

Annotations:
D:3 Natasha


Innate Abilities, Weirdness & Mutations

You are too large for most types of armour.
You have claws for hands.
Your natural rate of healing is unusually fast.
You are covered in fur. (AC +1)
You have tough skin. (AC +1)


Message History

The orc hits you with a +2 flail of protection.
The shadow imp shouts, "Back with thee, thou erky hedge-born socdollager!"
You hit the orc but do no damage.
The orc is heavily wounded.
The crimson imp shouts, "Accept thy failure, thou clouted fen-sucked socdollager!"
The orc priest looks satisfied for a moment.
The orc hits you with a +2 flail of protection.
The orc closely misses you.
You feel very mighty all of a sudden. You block the orc's attack.
You completely miss the orc.
The orc is heavily wounded.
The orc hits you with a +2 flail of protection.
You slash the orc!
You kill the orc!
The orc priest hits you with a +0 short sword.
You hit the orc priest.
The orc priest is lightly wounded.
The crimson imp blinks!
You block the orc priest's attack.
You slash the orc priest!
The orc priest is almost dead.
The orc priest calls down the wrath of Beogh upon you.
Pain shoots through your body!
The shadow imp grinds its teeth.
You closely miss the orc priest.
The orc priest is almost dead.
You block the orc priest's attack.
The orc priest hits you with a +0 short sword.
* * * LOW HITPOINT WARNING * * *
You hit the orc priest but do no damage.
The orc priest is almost dead.
The shadow imp disappears in a puff of smoke!
The orc priest invokes the aid of Beogh against you.
Beogh smites you!
* * * LOW HITPOINT WARNING * * *
You barely miss the orc priest.
The orc priest is almost dead.
The orc priest invokes the aid of Beogh against you.
Pain shoots through your body!
You die...

###o... ..o.... ....o.. ####
....... #####... .....o.
##########....... .......
#........#.......
.......####........#.....[.
....).ยง5ho@........'.......
.......#############.......
....... #....... .......
########....... .......#
#.................
.........##.................
...........................
..................##.......
#. #...........#########


You could see an orc priest, Natasha and a shadow imp (summoned).

Vanquished Creatures
  2 orc wizards
  Robin (D:3)
  4 adders
  A worm (D:2)
  9 orcs
  5 ball pythons
  6 endoplasms
  6 giant cockroaches
  8 goblins
  10 hobgoblins
  2 jackals (D:1)
  2 kobolds
  4 quokkas
  3 bats (D:1)
  3 frilled lizards
  7 rats
73 creatures vanquished.

Notes
Turn   | Place    | Note
-------+----------+-------------------------------------------
     0 | D:1      | Earthwalker the Troll Fighter began the quest for the Orb.
     0 | D:1      | Reached XP level 1. HP: 22/22 MP: 0/0
   241 | D:1      | Reached XP level 2. HP: 28/29 MP: 1/1
   402 | D:1      | Found a faded altar of an unknown god.
   722 | D:1      | Reached XP level 3. HP: 36/36 MP: 2/2
  1198 | D:2      | Reached XP level 4. HP: 45/45 MP: 3/3
  2064 | D:3      | Noticed Robin
  2206 | D:3      | Killed Robin
  2317 | D:3      | Reached XP level 5. HP: 52/53 MP: 4/4
  2498 | D:3      | Noticed Natasha
  2525 | D:3      | Killed from afar by an orc priest

Illustrated notes

Levels and vault maps discovered:
D:1:      minmay_arrival_glassed_features, layout_loops_ring,
          hellmonk_ecumenical_altar_defaced_shrine
D:2:      layout_basic, minmay_hexomino_u4
D:3:      layout_basic, serial_shops, shop, uniq_robin, uniq_crazy_yiuf_cottage,
          uniq_natasha

Skill      XL: |  1  2  3  4  5 |
---------------+----------------+-----
Long Blades    | 2 3 |  3.0
Dodging        | 3 |  3.3
Fighting       | 3 |  3.1
Shields        | 3 |  3.2
Stealth        | |  0.1

Action                   |  1- 3 |  4- 6 || total
-------------------------+-------+-------++-------
Melee: Long sword        |   125 |   170 ||   295
  Use: Scroll            |     2 |     1 ||     3
       Potion            |       |     1 ||     1
 Stab: Sleeping          |     1 |       ||     1
Armor: Robe              |    83 |    55 ||   138
Dodge: Dodged            |    67 |    82 ||   149
Block: Kite shield       |    59 |    90 ||   149
